 Dungeon Crawl Stone Soup version 0.18.1-6-gd335043 (webtiles) character file.

221 georgeearnest the Ducker (level 5, -2/24 HPs)
             Began as a Spriggan Conjurer on May 20, 2016.
             Was a Believer of Elyvilon.
             Killed by nerve-wracking pain
             ... invoked by georgeearnest's ghost
              (5 damage)
             ... on level 3 of the Dungeon.
             The game lasted 00:15:51 (5075 turns).

georgeearnest the Ducker (Spriggan Conjurer)        Turns: 5075, Time: 00:15:52

Health: -2/24      AC:  2    Str:  4    XL:     5   Next: 65%
Magic:  4/11       EV: 21    Int: 17    God:    Elyvilon [**....]
Gold:   173        SH:  0    Dex: 17    Spells: 1 memorised, 10 levels left

rFire  + . .     SeeInvis +     (weapon restricted)
rCold  . . .     Gourm    .     a - +0 robe
rNeg   . . .     Faith    .     (shield restricted)
rPois  .         Spirit   .     (helmet restricted)
rElec  .         Dismiss  .     (no cloak)
rCorr  .         Reflect  .     (gloves unavailable)
SustAt .         Harm     .     (boots unavailable)
MR     .....                    (no amulet)
Stlth  +++.......               s - +2 ring of slaying
                                q - ring of protection from fire

@: very quick, not resistant to hostile enchantments, fairly stealthy
A: unfitting armour, see invisible, herbivore 3, speed 3, slow metabolism 2
a: Lesser Healing, Heal Other, Divine Protection, Renounce Religion


You were on level 3 of the Dungeon.
You worshipped Elyvilon.
Elyvilon was pleased with you.
You were full.

You visited 1 branch of the dungeon, and saw 3 of its levels.

You collected 173 gold pieces.

Inventory:

Armour
 a - a +0 robe (worn)
 j - a +0 pair of gloves
Jewellery
 q - a ring of protection from fire (left hand)
 s - a +2 ring of slaying (right hand)
Scrolls
 d - 2 scrolls of enchant weapon {unknown}
 e - 3 scrolls of teleportation {unknown}
 f - a scroll of recharging {unknown}
 h - 2 scrolls of magic mapping {unknown}
 i - 2 scrolls of remove curse {unknown}
 k - 4 scrolls of identify {unknown}
 n - a scroll of fear {unknown}
 o - a scroll of blinking {unknown}
 p - a scroll of immolation {unknown}
 r - a scroll of amnesia {unknown}
 u - a scroll of fog {unknown}
Potions
 g - a potion of flight
 l - a potion of ambrosia {unknown}
 m - a potion of lignification
 t - a potion of beneficial mutation {unknown}
Books
 b - a book of Conjurations

   Spells                             Type                      Level
   a - Magic Dart                     Conjuration                  1
   b - Searing Ray                    Conjuration                  2
   c - Dazzling Spray                 Conjuration/Hexes            3
   d - Fulminant Prism                Conjuration/Hexes            4
   e - Iskenderun's Mystic Blast      Conjuration                  4
   f - Iskenderun's Battlesphere      Conjuration/Charms           5
Comestibles
 c - a bread ration


   Skills:
 + Level 0.1 Fighting
 * Level 5.4 Dodging
 * Level 4.1 Stealth
 * Level 3.8 Spellcasting
 * Level 4.0 Conjurations


You had 10 spell levels left.
You knew the following spells:

 Your Spells              Type           Power        Failure   Level  Hunger
a - Magic Dart            Conj           ###.         2%          1    None


Dungeon Overview and Level Annotations

Branches:
Dungeon (3/15)

Altars:
Elyvilon
Trog
Vehumet
Yredelemnul

Annotations:
D:3 georgeearnest's ghost, amateur HONe


Innate Abilities, Weirdness & Mutations

You are tiny and cannot use many weapons and most armour.
You have supernaturally acute eyesight.
You are a herbivore.
You cover ground extremely quickly.
You need consume almost no food.


Message History

Casting: Magic Dart
Confirm with . or Enter, or press ? or * to list all spells.
Aiming: Magic Dart
Press: ? - help, Shift-Dir - straight line, f/p - georgeearnest's ghost
Aim: georgeearnest's ghost (heavily damaged)
The magic dart hits georgeearnest's ghost.
Georgeearnest's ghost is heavily damaged.
Georgeearnest's ghost gestures at you while chanting.
Pain shoots through your body!
* * * LOW HITPOINT WARNING * * *
Casting: Magic Dart
Confirm with . or Enter, or press ? or * to list all spells.
Aiming: Magic Dart
Press: ? - help, Shift-Dir - straight line, f/p - georgeearnest's ghost
Aim: georgeearnest's ghost (heavily damaged)
The magic dart hits georgeearnest's ghost.
Georgeearnest's ghost is heavily damaged.
Georgeearnest's ghost gestures at you while chanting.
Pain shoots through your body!
You die...

#.#### #.###.#.#.).##
#.##.## #.# #....##.#.
#.#.#.##
#.###.#####.#.
#..###.##
#...........#. #.##
##.# ##..######....
##.###.## #.)# ####..#
##.#.######..# #..[..#
##†##...W...####.##..#
#.##@###........##...
#.##.###..########...
#......#..# ####
##..#.#.#..## #######
#...........# #......
#...#.#.#...####.#####
#......)..............
#.....(...........####
#...#.###.#.##..#.#


You could see georgeearnest's ghost.

Vanquished Creatures
  An orc priest (D:3)
  A hound skeleton (D:3)
  Robin (D:2)
  6 adders
  3 worms
  4 dart slugs
  4 giant geckos
  5 orcs
  5 giant cockroaches
  15 goblins
  11 hobgoblins
  A jackal (D:2)
  9 kobolds
  A quokka (D:3)
  2 ball pythons (D:1)
  10 bats
  3 giant newts (D:1)
  9 rats
91 creatures vanquished.

Notes
Turn   | Place    | Note
--------------------------------------------------------------
     0 | D:1      | georgeearnest the Spriggan Conjurer began the quest for the Orb.
     0 | D:1      | Reached XP level 1. HP: 9/9 MP: 5/5
    93 | D:1      | Reached XP level 2. HP: 13/13 MP: 0/6
  1167 | D:2      | Reached XP level 3. HP: 16/16 MP: 3/8
  1183 | D:2      | Found a faded altar to an unknown god.
  1250 | D:2      | Became a worshipper of Elyvilon the Healer
  1250 | D:2      | Reached * piety under Elyvilon
  1912 | D:2      | Reached ** piety under Elyvilon
  2230 | D:2      | Noticed Robin
  2257 | D:2      | Killed Robin
  2257 | D:2      | Reached skill level 4 in Dodging
  2257 | D:2      | Reached XP level 4. HP: 21/21 MP: 0/9
  3478 | D:3      | Found a bloodstained altar of Trog.
  3593 | D:3      | Reached skill level 5 in Dodging
  3593 | D:3      | Reached XP level 5. HP: 24/24 MP: 2/11
  3610 | D:3      | Noticed georgeearnest's ghost (amateur HONe)
  4348 | D:3      | Found a radiant altar of Vehumet.
  4964 | D:3      | Found a basalt altar of Yredelemnul.
  5075 | D:3      | Killed from afar by georgeearnest's ghost

Skill      XL: |  1  2  3  4  5 |
---------------+----------------+-----
Conjurations   | 3 4 |  4.0
Spellcasting   | 3 |  3.8
Dodging        | 4 5 |  5.4
Stealth        | 4 |  4.1
Fighting       | |  0.1

Action                   |  1- 3 |  4- 6 || total
-------------------------+-------+-------++-------
Melee: Unarmed           |    24 |       ||    24
 Cast: Magic Dart        |   115 |   145 ||   260
  Use: Potion            |     6 |       ||     6
  Eat: Bread ration      |       |     1 ||     1
Armor: Robe              |    37 |     8 ||    45
       Skin              |     2 |     1 ||     3
Dodge: Dodged            |   166 |    65 ||   231
